 Dungeon Crawl Stone Soup version 0.29.1-12-g30fa7ad0bf (webtiles) character file.

Game seed: 4750805138850126605

4 hawla the Firebug (level 1, 0/14 HPs)
             Began as a Meteoran Fire Elementalist on Jan 13, 2023.
             Succumbed to an adder's poison
             ... on level 4 of the Dungeon.
             The game lasted 00:01:22 (229 turns).

hawla the Firebug (Meteoran Fire Elementalist)       Turns: 229, Time: 00:01:23

Health: 0/14       AC:  2    Str:  9    XL:     1   Next: 85%
Magic:  0/5        EV: 12    Int: 16    God:
Gold:   61         SH:  0    Dex: 14    Spells: 4/5 levels left

rFire   . . .      SeeInvis .   (no weapon)
rCold   . . .      Faith    .   (no shield)
rNeg    . . .      Spirit   .   a - +0 robe
rPois   .          Reflect  .   (no helmet)
rElec   .          Harm     .   (no cloak)
rCorr   .          Rampage  .   (no gloves)
Will    .....                   (no boots)
Stlth   +.........              (no amulet)
HPRegen 0.04/turn               (no ring)
MPRegen 0.09/turn               (no ring)

@: lethally poisoned (0 -> -7), very slightly contaminated, glowing
A: sense surroundings 1, otherworldly, glowing, explore regen
a: no special abilities


You were on level 4 of the Dungeon.
You visited 1 branch of the dungeon, and saw 4 of its levels.

You collected 61 gold pieces.

Inventory:

Armour
 a - a +0 robe (worn)
Scrolls
 e - a scroll of immolation {unknown}
 f - a scroll of poison {unknown}
 g - 2 scrolls of identify {unknown}
Potions
 b - a potion of magic
 c - a potion of degeneration {unknown}
 d - a potion of haste {unknown}


   Skills:
 + Level 2.4 Dodging
 - Level 1.4 Stealth
 + Level 2.7 Spellcasting
 + Level 1.2 Conjurations
 + Level 3.9 Fire Magic


You had 4 spell levels left.
You knew the following spells:

 Your Spells              Type           Power      Damage    Failure   Level
a - Foxfire               Conj/Fire      40%        2x1d6     7%          1

Your spell library contained the following spells:

 Spells                   Type           Power      Damage    Failure   Level
 Scorch                   Fire           28%        2d6       5%          2
 Conjure Flame            Conj/Fire      10%        6-21      21%         3
 Inner Flame              Hex/Fire       8%         N/A       26%         3
 Flame Wave               Conj/Fire      10%        2d6       54%         4


Dungeon Overview and Level Annotations

Branches:
Dungeon (4/15) Zot: 2171
 Temple: D:4-7

Altars:

Annotations:
D:4 1 runed translucent door, cheesebisquit's ghost, amateur GrEE


Innate Abilities, Weirdness & Mutations

You passively map a small area around you.
You are easily found by Zot.
You glow in the dark.
You regain HP and MP as you explore.


Message History

Okay, then.
Found a leather armour.
Found a runed translucent door.
Cheesebisquit's ghost turns its malevolent gaze towards you.
An adder comes into view.
Found a scroll labelled IQIYTU DIHUNAT.
The adder hisses angrily.
Casting: Foxfire (safe; 7% risk of failure)
Confirm with . or Enter, or press ? or * to list all spells.
You conjure some foxfire!
Casting: Foxfire (safe; 7% risk of failure)
Confirm with . or Enter, or press ? or * to list all spells.
You miscast Foxfire.
You are very lightly contaminated with residual magic.
Nothing appears to happen.
The foxfire hits the adder.
The adder is lightly wounded.
Unknown command.
Casting: Foxfire (safe; 7% risk of failure)
Confirm with . or Enter, or press ? or * to list all spells.
You miscast Foxfire.
Nothing appears to happen.
The adder bites you. x2
Unknown command.
Casting: Foxfire (safe; 7% risk of failure)
Confirm with . or Enter, or press ? or * to list all spells.
You conjure some foxfire!
The adder bites you.
You hit the adder but do no damage.
The adder is lightly wounded.
The foxfire hits the adder.
The adder is heavily wounded.
The foxfire hits the adder.
The adder is almost dead.
The adder misses you.
Casting: Foxfire (safe; 7% risk of failure)
Confirm with . or Enter, or press ? or * to list all spells.
You conjure some foxfire!
The adder closely misses you. The adder bites you.
* * * LOW HITPOINT WARNING * * *
You are lethally poisoned!
The adder poisons you!
You miss the adder.
The adder is almost dead.
You die...

, , *
#..##..?..##.
#..+...♣..⌠#..
#..##..!..##..
*
#...##...##...*
,
#...##W##...#*
#.###...###...#
#.....Sv.....#
*# #@.....#
#.#v..[..#
#....#####
####.# #.# #.#
#.# #.# #.#


You could see cheesebisquit's ghost and an adder (ally target).

Vanquished Creatures
  A hobgoblin (D:1)
  A quokka (D:2)
  A ball python (D:1)
  A quokka skeleton (D:3)
4 creatures vanquished.

Vanquished Creatures (others)
  7 foxfires
  4 plants (D:4)
11 creatures vanquished.

Grand Total: 15 creatures vanquished

Notes
Turn   | Place    | Note
-------+----------+-------------------------------------------
     0 | D:1      | hawla the Meteoran Fire Elementalist began the quest for
                  | the Orb.
     0 | D:1      | Reached XP level 1. HP: 14/14 MP: 5/5
   221 | D:4      | Found a runed translucent door.
   221 | D:4      | Noticed cheesebisquit's ghost (amateur GrEE)
   229 | D:4      | Succumbed to an adder's poison

Illustrated notes

Levels and vault maps discovered:
D:1:      heliophobic_arrival_battle_scene, layout_basic
D:2:      layout_basic, basic_altar, basic_ecumenical_altar,
          minmay_heptomino_w4, uniq_robin, uniq_sigmund
D:3:      layout_rooms, lemuel_coloured_pillars_altar, serial_undead,
          serial_undead_c, serial_undead_d, serial_undead_f, serial_undead_c
D:4:      layout_basic, eat_drink_and_be_merry_uskayaw,
          nicolae_gozag_seed_capital, grunt_dithmenos_smoke,
          hellmonk_ghost_happy_afterlife, serial_bayou_lagoon_a,
          corexii_checkpoint_a, guppyfry_early_lair_pool

Action                   || total
-------------------------++-------
Melee: Unarmed           ||     4
 Cast: Foxfire           ||     8
Dodge: Dodged            ||     3
